 Dungeon Crawl Stone Soup version 0.25.1-1-g288607f5aa (webtiles) character file.

Game seed: 13002202121153517349

527 H0rd4k the Insei (level 7, -12/43 HPs)
             Began as an Octopode Transmuter on July 22, 2020.
             Was an Initiate of Gozag.
             Mangled by an ogre
             ... wielding a cursed -1 giant club
              (15 damage)
             ... on level 5 of the Dungeon.
             The game lasted 00:06:31 (5215 turns).

H0rd4k the Insei (Octopode Transmuter)              Turns: 5215, Time: 00:06:31

Health: -12/43     AC:  1    Str:  9    XL:     7   Next: 23%
Magic:  13/13      EV: 14    Int: 20    God:    Gozag
Gold:   134        SH:  0    Dex: 12    Spells: 8/14 levels left

rFire    . . .     SeeInvis .     - Unarmed
rCold    . . .     Gourm    .   (no shield)
rNeg     . . .     Faith    .   (helmet restricted)
rPois    .         Spirit   .   (no amulet)
rElec    .         Reflect  .   (no ring)
rCorr    .         Harm     .   (no ring)
MR       .....                  (no ring)
Stlth    +++.......             (no ring)
HPRegen  0.14/turn              (no ring)
MPRegen  0.13/turn              (no ring)
                                (no ring)
                                (no ring)

@: no status effects
A: almost no armour, stealthy swim, amphibious, 8 rings, constrict 8, camouflage
1, blink, clever 1, gelatinous body 1
a: Blink, Potion Petition, Call Merchant, Bribe Branch, Renounce Religion


You were on level 5 of the Dungeon.
You worshipped Gozag.
Gozag was aware of your devotion.
You were very hungry.

You visited 1 branch of the dungeon, and saw 5 of its levels.

You collected 186 gold pieces.
You paid 52 gold pieces to Gozag.

Inventory:

Hand Weapons
 q - the +8 hunting sling "Mesh" {freeze, *Corrode rElec rC+ MR+, unknown}
   (You found it on level 4 of the Dungeon)

   It causes projectiles fired from it to freeze those they strike, causing
   extra injury to most foes and up to half again as much damage against
   particularly susceptible opponents.
   They can also slow down cold-blooded creatures.
   It protects you from cold.
   It insulates you from electricity.
   It affects your resistance to hostile enchantments.
   It may corrode you when you take damage.
Missiles
 a - 34 arrows
 k - 6 javelins
 n - 4 poisoned darts (quivered)
Scrolls
 e - 2 scrolls of random uselessness {unknown}
 f - 3 scrolls of blinking {unknown}
 g - 2 scrolls of teleportation {unknown}
 h - 2 scrolls of identify {unknown}
 l - 2 scrolls of remove curse {unknown}
 o - a scroll of enchant weapon {unknown}
Potions
 b - a potion of cancellation
 d - 2 potions of stabbing
 j - 2 potions of lignification
 p - a potion of flight
Comestibles
 c - 3 rations


   Skills:
 + Level 1.3 Fighting
 + Level 0.7 Throwing
 + Level 2.9 Dodging
 + Level 3.3 Stealth
 + Level 5.0 Unarmed Combat
 * Level 4.0 Spellcasting
 * Level 3.5 Transmutations


You had 8 spell levels left.
You knew the following spells:

 Your Spells              Type           Power        Failure   Level  Hunger
a - Beastly Appendage     Tmut           ###...       3%          1    None
b - Sticks to Snakes      Tmut           ###.....     4%          2    #......
c - Spider Form           Tmut/Pois      ##........   19%         3    ###....

Your spell library contained the following spells:

 Spells                   Type           Power        Failure   Level  Hunger
 Ice Form                 Ice/Tmut       ##......     52%         4    ####...
 Blade Hands              Tmut           ###.......   63%         5    ######.


Dungeon Overview and Level Annotations

Branches:
Dungeon (5/15)
 Temple: D:4-7

Altars:
Elyvilon
Gozag
Qazlal
The Shining One

Annotations:
D:3 exclusion: 2 downstairs
D:4 Blork the orc, Edmund


Innate Abilities, Weirdness & Mutations

You cannot wear most types of armour.
You are very stealthy in the water. (Stealth+)
You are amphibious.
You can wear up to eight rings at the same time.
You can use your tentacles to constrict eight enemies at once.
Your skin changes colour to match your surroundings (Stealth+).
Your rubbery body absorbs attacks. (AC +1, EV +1)
You can translocate small distances at will.
Your mind is acute. (Int +2)


Message History

The phantom hits you.
* * * LOW HITPOINT WARNING * * *
The phantom blinks!
The phantom barely misses you.
You are starting to lose your buoyancy.
You reach down and open the door.
An adder comes into view.
The phantom hits you!
* * * LOW HITPOINT WARNING * * *
The phantom blinks!
The phantom blinks!
Okay, then.
The adder hisses angrily.
The adder completely misses you.
There is an open door here.
You float gracefully downwards.
The ogre completely misses you. The adder completely misses you.
The ogre hits you with a cursed -1 giant club!
You die...
Your body crumbles into a pile of gold.

########## #........#
+..@.<...+
#..####SOW.....##.##..
#.....'........'.....#
#.#..##........##[.#.#
#. #.........# .# #
#.........#
#.........#
#######...# #####


You could see a phantom, an ogre and an adder.

Vanquished Creatures
  Sigmund (D:4)
  A bullfrog (D:4)
  A scorpion (D:4)
  A hound (D:4)
  A bullfrog skeleton (D:4)
  An orc wizard (D:3)
  4 gnolls (D:3)
  8 adders
  A white imp (D:4)
  An ooze (D:3)
  5 worms
  2 leopard geckos
  3 orcs
  7 bats
  7 giant cockroaches
  6 goblins
  2 hobgoblins
  6 kobolds
  3 quokkas
  2 ball pythons (D:3)
  3 frilled lizards
  A goblin zombie (D:4)
  3 hobgoblin zombies (D:4)
  A kobold skeleton (D:4)
  3 kobold zombies (D:4)
  An orc skeleton (D:4)
  6 rats
81 creatures vanquished.

Vanquished Creatures (others)
  A quokka (D:4)
1 creature vanquished.

Grand Total: 82 creatures vanquished

Notes
Turn   | Place    | Note
-------+----------+-------------------------------------------
     0 | D:1      | H0rd4k the Octopode Transmuter began the quest for the Orb.
     0 | D:1      | Reached XP level 1. HP: 13/13 MP: 3/3
   190 | D:1      | Reached XP level 2. HP: 16/18 MP: 5/5
   619 | D:2      | Learned a level 2 spell: Sticks to Snakes
   936 | D:2      | Reached XP level 3. HP: 22/23 MP: 4/6
  1252 | D:2      | Reached skill level 1 in Stealth
  1276 | D:2      | HP: 1/23 [poisoned by an adder]
  1911 | D:2      | Reached XP level 4. HP: 11/28 MP: 6/8
  2866 | D:3      | Found a stormy altar of Qazlal.
  3059 | D:3      | Reached XP level 5. HP: 22/33 MP: 9/9
  3307 | D:3      | Reached skill level 4 in Unarmed Combat
  4053 | D:3      | Learned a level 3 spell: Spider Form
  4070 | D:4      | Noticed Sigmund
  4078 | D:4      | Killed Sigmund
  4078 | D:4      | Reached XP level 6. HP: 38/38 MP: 8/11
  4224 | D:4      | Found a white marble altar of Elyvilon.
  4246 | D:4      | Got an ancient hunting sling
  4247 | D:4      | Found a glowing golden altar of the Shining One.
  4509 | D:4      | Noticed Blork the orc
  4672 | D:4      | Reached XP level 7. HP: 39/43 MP: 10/12
  4723 | D:4      | Reached skill level 5 in Unarmed Combat
  4984 | D:4      | Found an opulent altar of Gozag.
  5020 | D:4      | Noticed Edmund
  5035 | D:4      | Became a worshipper of Gozag Ym Sagoz the Greedy
  5172 | D:5      | Entered Level 5 of the Dungeon
  5187 | D:5      | Gained mutation: You are robust. (+10% HP) [potion of
                  | mutation]
  5187 | D:5      | Gained mutation: Your mind is acute. (Int +2) [potion of
                  | mutation]
  5187 | D:5      | Lost mutation: You are robust. (+10% HP) [potion of
                  | mutation]
  5187 | D:5      | Gained mutation: You can translocate small distances at
                  | will. [potion of mutation]
  5208 | D:5      | HP: 2/43 [phantom (7)]
  5215 | D:5      | Mangled by an ogre

Illustrated notes

Levels and vault maps discovered:
D:1:      wander_arrival_estate, layout_basic
D:2:      layout_loops_cross
D:3:      layout_basic, grunt_qazlal_clouds
D:4:      layout_cave_pools, elyvilon_altar_4,
          nicolae_gozag_cash_rules_everything_around_me,
          nicolae_tso_besieged_by_evil, uniq_blork_the_orc, uniq_sigmund,
          uniq_edmund
D:5:      kennysheep_kobold_camp, layout_basic, old_standard_altar, first_ration

Skill      XL: |  1  2  3  4  5  6  7 |
---------------+----------------------+-----
Stealth        | 1 2 3 |  3.3
Unarmed Combat | 4 5 |  5.0
Spellcasting   | 3 4 |  4.0
Transmutations | 3 |  3.5
Fighting       | |  1.3
Throwing       | |  0.7
Dodging        | |  2.9

Action                   |  1- 3 |  4- 6 |  7- 9 || total
-------------------------+-------+-------+-------++-------
Melee: Unarmed           |    71 |   128 |    34 ||   233
       Constrict         |    20 |    36 |     3 ||    59
       Tentacles         |     6 |    20 |     4 ||    30
       Punch             |     2 |     5 |     1 ||     8
       Kick              |     8 |    18 |     7 ||    33
Throw: Dart              |       |     4 |       ||     4
 Cast: Beastly Appendage |     6 |    12 |     4 ||    22
  Use: Potion            |     4 |       |     3 ||     7
 Stab: Sleeping          |     7 |     5 |       ||    12
       Distracted        |       |     1 |       ||     1
  Eat: Chunk             |     3 |     8 |     1 ||    12
Armor: Skin              |    11 |     3 |     1 ||    15
Dodge: Dodged            |    39 |    83 |    17 ||   139
